[Event "*** Titled Tuesday 3|2 Blitz"]
[Site "Chess.com"]
[Date "2015.05.05"]
[Round "5"]
[White "ChessTrener"]
[Black "LyonBeast"]
[Result "1-0"]
[WhiteElo "2521"]
[BlackElo "2727"]
[TimeControl "180+2"]
[EndTime "12:05:05 PDT"]
[Termination "ChessTrener won by resignation"]

1. d4 Nf6 2. Nf3 g6 3. Nc3 d5 4. Bf4 Bg7 5. e3 c6 6. Ne5 Nh5 7. Be2 Nxf4 8. exf4 Nd7 9. h4 h5 10. Qd2 Qa5 11. O-O-O Nxe5 12. fxe5 b5 13. a3 Bh6 14.
f4 Qb6 15. g4 Bxg4 16. Bxg4 hxg4 17. h5 gxh5 18. Rxh5 O-O-O 19. Qh2 c5 20. Kb1 c4 21. Qh4 Qg6 22. f5 Qg7 23. Qxe7 g3 24. Nxb5 Rd7 25.
Nxa7+ Kc7 26. Nb5+ Kc8 27. Qc5+ Kb8 28. Qb6+ Rb7 29.
Qd6+ Ka8 30. Qa6+ Kb8 31. Nd6 Ra7 32. Qb5+ Ka8 33. Qxd5+ Kb8 34. Qb5+ Ka8 35. Qxc4 Be3 36. Qc6+ Kb8 37. Rd3 1-0

[Event "*** Titled Tuesday 3|2 Blitz"]
[Site "Chess.com"]
[Date "2015.05.05"]
[Round "5"]
[White "AlmirDzhumaev"]
[Black "eltenedor"]
[Result "1-0"]
[WhiteElo "2079"]
[BlackElo "1946"]
[TimeControl "180+2"]
[EndTime "12:05:12 PDT"]
[Termination "AlmirDzhumaev won on time"]

1. e4 c5 2. Nc3 Nc6 3. g3 g6 4.
Bg2 Bg7 5. d3 e6 6. Be3 Nd4 7. Qd2 Ne7 8. Nd1 d6 9. c3 Ndc6 10. Bh6 O-O 11. h4 d5 12. h5 dxe4 13. Bxg7 Kxg7 14. hxg6 Nxg6 15. Bxe4 f5 16. Qh6+ Kf6 17.
Bxc6 bxc6 18. Nf3 Qxd3 19. Ne3 Qe4 20. Ng5 Qxh1+ 21. Qxh1 Kxg5 22. O-O-O Rb8 23. Qxh7 Rb7 24. Qh1 Rc7 25. Nc4 Bd7 26. Qe1 Kf6 27. Qe3 Rh8 28. Qxc5 Be8 29. Nd6 Bd7 30. Qa5 1-0

[Event "*** Titled Tuesday 3|2 Blitz"]
[Site "Chess.com"]
[Date "2015.05.05"]
[Round "5"]
[White "Tilicheev_Viacheslav"]
[Black "jlandaw"]
[Result "1-0"]
[WhiteElo "2438"]
[BlackElo "2370"]
[TimeControl "180+2"]
[EndTime "12:05:14 PDT"]
[Termination "Tilicheev_Viacheslav won by resignation"]

1. e4 e5 2. Nf3 Nc6 3. Nc3 Nf6 4. Bb5 Nd4 5. Bc4 d6 6. h3 Be7 7. d3 O-O 8. Nxd4 exd4 9. Ne2 c5 10. O-O d5 11.
exd5 Nxd5 12. Ng3 Be6 13. Qf3 a6 14. Nf5 Bf6 15. Re1 b5 16. Bxd5 Bxd5 17. Qg3 Qd7 18. Qg4 Kh8 19. Bg5 Bxg5 20. Qxg5 f6 21. Qg4 Rae8 22. Ng3 Qb7 23. Nh5 Re5 24. Rxe5 fxe5 25. Re1 Qf7 26. Rxe5 g6 27. Nf4 Bb7 28. g3 Qxa2 29.
Qe6 Qxe6 30. Nxe6 Re8 31. f4 Bc8 32. Nxc5 Rxe5 33. fxe5 Kg7 34. h4 Kf7 35. Kf2 Ke7 36.
Kf3 1-0

[Event "*** Titled Tuesday 3|2 Blitz"]
[Site "Chess.com"]
[Date "2015.05.05"]
[Round "5"]
[White "wonderfultime"]
[Black "lukas_111111"]
[Result "1-0"]
[WhiteElo "2571"]
[BlackElo "2338"]
[TimeControl "180+2"]
[EndTime "12:05:24 PDT"]
[Termination "wonderfultime won by checkmate"]

1. d4 Nf6 2. c4 g6 3. Nc3 d5 4. e3 Bg7 5. Nf3 O-O 6. Be2 c5 7. dxc5 dxc4 8. O-O Qa5 9. Qd4 Nc6 10. Qxc4 Be6 11. Qb5 Qxb5 12. Nxb5 Rac8 13. Nfd4 Bd5 14. Rd1 a6 15. Nc3 e5 16. Nxd5 exd4 17. Nb6 Rce8 18. Bf3 Ne4 19. Nd7 dxe3 20. fxe3 Ng5 21. Nxf8 Nxf3+ 22. gxf3 Bxf8 23. a3 Bxc5 24. Kf2 f5 25. b4 Ba7 26. f4 g5 27. Kf3 gxf4 28. Kxf4 Kf7 29. Kxf5 Bb8 30. Rd7+ Ne7+ 31. Kg4 Ke6 32.
Rxb7 Be5 33. Ra2 Rc8 34. Bd2 Rg8+ 35. Kf3 Nf5 36. b5 Nh4+ 37. Ke4 Rg4+ 38. Kd3 axb5 39.
Rb6+ Kf5 40. Rxb5 Nf3 41. Bc3 Rg8 42. Rf2 Rd8+ 43. Ke2 Ke4 44. Rxf3 Bxc3 45. Rf4# 1-0

[Event "*** Titled Tuesday 3|2 Blitz"]
[Site "Chess.com"]
[Date "2015.05.05"]
[Round "5"]
[White "Malev212"]
[Black "vinceyoung15"]
[Result "1-0"]
[WhiteElo "2195"]
[BlackElo "2115"]
[TimeControl "180+2"]
[EndTime "12:05:28 PDT"]
[Termination "Malev212 won by resignation"]

1. d4 d5 2. c4 e6 3. Nf3 Be7 4. g3 Nf6 5. Bg2 O-O 6. O-O c6 7. Nc3 Nbd7 8. b3 b6 9. Bb2 Bb7 10. Nd2 Rc8 11. e4 Bb4 12. e5 Ne8 13. Ne2 c5 14. a3 Ba5 15. Nf4 cxd4 16. Bxd4 Bxd2 17. Qxd2 Nc5 18. Bxc5 Rxc5 19. cxd5 Bxd5 20. b4 Rc7 21. Bxd5 exd5 22. Rad1 d4 23. Qxd4 Qxd4 24. Rxd4 Rc3 25. a4 Ra3 26. b5 Nc7 27. Rc1 Ne8 28. h4 h6 29. Rc8 g5 30. Nd5 Kg7 31. Ne7 f5 32.
Rd7 gxh4 33. Nxf5+ Kg6 34. Nxh4+ Kg5 35. Re7 Ra1+ 36.
Kg2 Ra2 37. Nf3+ Kg4 38. Rexe8 1-0

[Event "*** Titled Tuesday 3|2 Blitz"]
[Site "Chess.com"]
[Date "2015.05.05"]
[Round "5"]
[White "GregShahade"]
[Black "iFrancisco"]
[Result "1-0"]
[WhiteElo "2445"]
[BlackElo "2287"]
[TimeControl "180+2"]
[EndTime "12:05:50 PDT"]
[Termination "GregShahade won by resignation"]

1. e4 e5 2. Nf3 Nc6 3. Bb5 a6 4. Ba4 Nf6 5. O-O Nxe4 6. d4 b5 7. Bb3 d5 8. dxe5 Be6 9. Nbd2 Nc5 10. c3 Be7 11. Bc2 Bg4 12. h3 Bh5 13. Re1 Qd7 14.
Nf1 Rd8 15. Ng3 Bg6 16. Be3 Ne6 17. a4 O-O 18. Nf5 Bxf5 19. Bxf5 g6 20. Bd3 d4 21.
cxd4 Ncxd4 22. Nxd4 Nxd4 23. axb5 axb5 24. Be4 c5 25.
Bh6 Rfe8 26. Qd3 c4 27. Qg3 Nf5 28. Bxf5 Qxf5 29. e6 Bc5 30. Re5 Qf6 31. exf7+ Qxf7 32. Rxc5 Re2 33. Rc7 Qf6 34. Raa7 1-0

[Event "*** Titled Tuesday 3|2 Blitz"]
[Site "Chess.com"]
[Date "2015.05.05"]
[Round "5"]
[White "desxmchna"]
[Black "goldaxe"]
[Result "1-0"]
[WhiteElo "2162"]
[BlackElo "2149"]
[TimeControl "180+2"]
[EndTime "12:05:58 PDT"]
[Termination "desxmchna won by resignation"]

1. d4 Nf6 2. c4 g6 3. Nc3 d5 4. Qb3 dxc4 5. Qxc4 Bg7 6. e4 O-O 7. Be2 Na6 8. Nf3 c5 9. d5 e6 10.
O-O exd5 11. exd5 Re8 12. Rd1 Bf5 13. d6 Qb6 14. Ng5 Be6 15. Nxe6 Rxe6 16. Bf4 Qb4 17. Qxb4 Nxb4 18. Bc4 Ree8 19. Bb5 Red8 20. h3 a6 21. Be2 Nc2 22. Rac1 Nd4 23. Bf1 b5 24. Ne2 Ne4 25. b4 Nxe2+ 26. Bxe2 Bd4 27. Bf3 Nc3 28.
Rxc3 Bxc3 29. Bxa8 Rxa8 30. bxc5 Bf6 31. c6 Kf8 32. c7 Ke8 33. d7+ Kf8 34. c8=Q+ Rxc8 35. dxc8=Q+ Kg7 36. Rd8 Bxd8 37. Qxd8 1-0

[Event "*** Titled Tuesday 3|2 Blitz"]
[Site "Chess.com"]
[Date "2015.05.05"]
[Round "5"]
[White "Aygehovit1992"]
[Black "dabee"]
[Result "0-1"]
[WhiteElo "2438"]
[BlackElo "2363"]
[TimeControl "180+2"]
[EndTime "12:06:12 PDT"]
[Termination "dabee won by resignation"]

1. d4 d5 2. c4 c6 3. Nf3 e6 4. e3 Nd7 5. Bd3 Ngf6 6. O-O Bd6 7. b3 e5 8. dxe5 Nxe5 9. Bb2 dxc4 10. Bxe5 cxd3 11. Qxd3 Bxe5 12. Qxd8+ Kxd8 13. Nxe5 Ke7 14. Nc3 Be6 15. f3 Rhd8 16. Rfd1 Nd7 17. Nxd7 Rxd7 18. Kf2 Rad8 19. Rxd7+ Rxd7 20. Ke2 c5 21. g4 b6 22. h4 h6 23. g5 hxg5 24. hxg5 a5 25. Na4 Rd6 26. Nb2 Bd7 27. e4 Bb5+ 28. Ke3 f6 29. g6 Ke6 30. f4 f5 31. e5 Rd4 32.
Rd1 Re4+ 33. Kd2 Rxf4 34. a4 Rd4+ 35. Ke3 Rxd1 36. Nxd1 Be8 37. Kf4 Bxg6 38. Ne3 Be8 39. Nc4 b5 40. axb5 Bxb5 41. Nxa5 g5+ 42. Kxg5 Kxe5 43. Nb7 f4 44. Kg4 Bd7+ 45. Kh4 Kd4 46. Nd6 Ke3 47. Nc4+ Ke2 48. Ne5 f3 49. Nxd7 f2 0-1

[Event "*** Titled Tuesday 3|2 Blitz"]
[Site "Chess.com"]
[Date "2015.05.05"]
[Round "5"]
[White "MrHenriksson"]
[Black "Tirantes"]
[Result "1/2-1/2"]
[WhiteElo "2014"]
[BlackElo "2104"]
[TimeControl "180+2"]
[EndTime "12:06:17 PDT"]
[Termination "Game drawn by repetition"]

1. d4 Nf6 2. Nf3 b6 3. g3 Bb7 4.
Bg2 e6 5. O-O Be7 6. c4 O-O 7.
Nc3 Na6 8. b3 d5 9. Bb2 c5 10.
dxc5 bxc5 11. Ne5 Nc7 12. cxd5 exd5 13. Rc1 Rb8 14. Na4 Ne6 15. Nd3 c4 16. bxc4 dxc4 17. Ne5 Bxg2 18. Kxg2 Rb4 19. Qxd8 Rxd8 20. Ba3 Rxa4 21.
Bxe7 Rd2 22. Nxc4 Rdxa2 23. Nb2 h6 24. Nxa4 Rxa4 25. Rc8+ Kh7 26. Bxf6 gxf6 27. Rd1 Ra2 28. e3 Ng5 29. Rd4 f5 30. Rf4 Ra5 31. Rc7 Kg6 32.
h4 Ne4 33. Rc6+ Kg7 34. f3 Ra2+ 35. Kg1 Ra1+ 36. Kg2 Ra2+ 37. Kg1 Ra1+ 38. Kg2 Ra2+ 1/2-1/2

[Event "*** Titled Tuesday 3|2 Blitz"]
[Site "Chess.com"]
[Date "2015.05.05"]
[Round "5"]
[White "AlexanderL"]
[Black "jcibarra"]
[Result "1-0"]
[WhiteElo "2545"]
[BlackElo "2499"]
[TimeControl "180+2"]
[EndTime "12:06:19 PDT"]
[Termination "AlexanderL won by resignation"]

1. d4 Nf6 2. c4 d6 3. Nc3 Bf5 4.
g3 e5 5. Bg2 c6 6. Nf3 Nbd7 7. O-O h6 8. Nh4 Bh7 9. e4 Be7 10. Be3 O-O 11. Re1 Re8 12. h3 Bf8 13. d5 Qc7 14. Rc1 a5 15. g4 Rac8 16. Nf5 Qb8 17.
h4 cxd5 18. cxd5 b5 19. g5 hxg5 20. hxg5 g6 21. Ng3 Nh5 22. Nxh5 gxh5 23. Qxh5 Nc5 24. Bh3 Nd3 25. Bf5 Bg6 26. Bxg6 fxg6 27. Qxg6+ Bg7 28.
Kg2 Nxc1 29. Bxc1 b4 30. Ne2 Qc7 31. Rh1 Rf8 32. Ng3 Qc2 33. Be3 Rf7 34. Qe6 Kf8 35. Qxd6+ Kg8 36. Qe6 Kf8 37. g6 Rf6 38. Rh8+ Bxh8 39.
Bh6+ Bg7 40. Qxf6+ Ke8 41. Qf7+ 1-0

[Event "*** Titled Tuesday 3|2 Blitz"]
[Site "Chess.com"]
[Date "2015.05.05"]
[Round "5"]
[White "DanielRensch"]
[Black "LuckyTiger"]
[Result "1-0"]
[WhiteElo "2289"]
[BlackElo "2439"]
[TimeControl "180+2"]
[EndTime "12:06:20 PDT"]
[Termination "DanielRensch won by resignation"]

1. d4 Nf6 2. Nc3 d5 3. Bf4 e6 4. e3 Bd6 5. Bg3 O-O 6. Nf3 Ne4 7.
Nxe4 dxe4 8. Nd2 f5 9. Bc4 Kh8 10.
Qe2 Nd7 11. Bxe6 Nf6 12. Bb3 f4 13. Bxf4 Bxf4 14. exf4 Qxd4 15. c3 Qd6 16. g3 Bg4 17. Qe3 Rad8 18. Nc4 Qa6 19. Ne5 Bh3 20. Rd1 Rxd1+ 21.
Kxd1 Ng4 22. Nxg4 Bxg4+ 23. Kc1 Bf3 24. Re1 Rd8 25. a3 b6 26. Bc2 h6 27. Bxe4 Bxe4 28.
Qxe4 Qb5 29. f5 Qc5 30. Qf4 Rf8 31. g4 Qd5 32. Qxc7 Rd8 33. Qf4 Rd6 34. Qe4 Qa2 35.
g5 Qa1+ 36. Kc2 1-0

[Event "*** Titled Tuesday 3|2 Blitz"]
[Site "Chess.com"]
[Date "2015.05.05"]
[Round "5"]
[White "destroyer305"]
[Black "Recombinant"]
[Result "1-0"]
[WhiteElo "2158"]
[BlackElo "2141"]
[TimeControl "180+2"]
[EndTime "12:06:21 PDT"]
[Termination "destroyer305 won by resignation"]

1. e4 c5 2. Nf3 d6 3. d4 cxd4 4. Nxd4 Nf6 5. Nc3 g6 6. g3 Nc6 7.
Bg2 Nxd4 8. Qxd4 Bg7 9. O-O O-O 10. Bg5 h6 11. Bd2 a6 12. Qd3 Qc7 13. Rfe1 Be6 14.
Nd5 Nxd5 15. exd5 Bf5 16. Be4 Bxe4 17. Qxe4 Rfe8 18. c3 Rac8 19. Qh4 g5 20. Qg4 Qc4 21. Qf3 Rc5 22. Be3 Qxd5 23. Qg4 Qf5 24. Qa4 Rcc8 25.
Rad1 Qf3 26. Bd4 Qc6 27. Qb3 b5 28. Bxg7 Kxg7 29. Rd4 e6 30. Qd1 d5 31. h4 Qc5 32. Qg4 Qe7 33. Rxd5 Qf6 34. hxg5 hxg5 35. Rxg5+ Kf8 36. Qb4+ Qe7 37. Qh4 Qd6 38. Rh5 Qd2 39. Re3 Qd1+ 40. Kg2 Qxh5 41. Qxh5 Ke7 42. Qg5+ Kd7 43.
Rd3+ Kc6 44. Qe3 Rc7 45. Qd4 Kb7 46. Qe4+ Ka7 47. Rd6 Rec8 48. Qd4+ Ka8 49. Rxa6+ 1-0

[Event "*** Titled Tuesday 3|2 Blitz"]
[Site "Chess.com"]
[Date "2015.05.05"]
[Round "5"]
[White "chessloveyou"]
[Black "Azzaro25"]
[Result "0-1"]
[WhiteElo "2105"]
[BlackElo "2375"]
[TimeControl "180+2"]
[EndTime "12:06:25 PDT"]
[Termination "Azzaro25 won by resignation"]

1. Nf3 Nf6 2. d4 g6 3. g3 Bg7 4. Bg2 O-O 5. O-O d5 6. c4 dxc4 7. Qc2 c5 8. Qxc4 Na6 9. dxc5 Be6 10. Qh4 Nxc5 11. Nc3 Rc8 12. Bh6 Bf5 13. Bxg7 Kxg7 14.
Qb4 Nce4 15. Nd4 Nxc3 16. Nxf5+ gxf5 17. bxc3 b6 18. Rfd1 Qc7 19. Rac1 Rfd8 20. Rd3 h6 21. Rcd1 Rxd3 22. Rxd3 e5 23. Bh3 e4 24. Rd2 Qe5 25. e3 h5 26. a4 Kg6 27. Rd4 h4 28. Rc4 Rh8 29. Bg2 hxg3 30. hxg3 Qd5 31. Rd4 Qa2 32. Rd1 Qc2 33. Qd4 Rc8 34. g4 Nxg4 35. Qd6+ f6 36. Rd2 Qxc3 37. Qd7 Qa1+ 38. Bf1 Qe5 39.
Bg2 Rh8 40. Kf1 Nh2+ 41. Ke2 f4 42. exf4 Qxf4 43. Rd5 Ng4 44. f3 exf3+ 45. Bxf3 Qe3+ 46. Kd1 Qxf3+ 47. Kc2 Ne3+ 0-1

[Event "*** Titled Tuesday 3|2 Blitz"]
[Site "Chess.com"]
[Date "2015.05.05"]
[Round "5"]
[White "IMRosen"]
[Black "Nouki"]
[Result "0-1"]
[WhiteElo "2221"]
[BlackElo "2610"]
[TimeControl "180+2"]
[EndTime "12:06:28 PDT"]
[Termination "Nouki won by resignation"]

1. c4 Nf6 2. Nc3 e5 3. Nf3 Nc6 4. a3 g6 5. g3 Bg7 6. d3 O-O 7. Bg5 h6 8. Bxf6 Qxf6 9. Bg2 d6 10. Nd5 Qd8 11. O-O Ne7 12. Ne1 c6 13. Nc3 d5 14.
cxd5 cxd5 15. Rc1 Be6 16. b4 Rc8 17. Nf3 e4 18. Nxe4 dxe4 19. Rxc8 Nxc8 20. dxe4 Qxd1 21. Rxd1 Nb6 22. Ne1 Rc8 23. Nd3 Bc4 24. Nc5 Bxe2 25. Re1 Bb5 26. Nxb7 Rc2 27. Rd1 Bf8 28. h4 Nc4 29.
Ra1 Bg7 30. Rd1 Nxa3 31. Rd8+ Bf8 32. e5 Bc6 33. Nd6 Bxg2 34. Kxg2 Re2 35. Re8 Kg7 36. Kf3 Re1 37. Ne4 Nc4 38. e6 fxe6 39. Rxe6 Nd2+ 40. Kf4 Rxe4+ 41. Rxe4 Nxe4 42. Kxe4 Bxb4 43. g4 Be1 44. Ke3 a5 45. Ke2 Bxf2 46. h5 a4 47. Kd3 a3 48.
Kc2 gxh5 49. gxh5 Kf6 50. Kb3 Bc5 51. Kc4 a2 0-1

[Event "*** Titled Tuesday 3|2 Blitz"]
[Site "Chess.com"]
[Date "2015.05.05"]
[Round "5"]
[White "zmaj23"]
[Black "9ShMat2"]
[Result "0-1"]
[WhiteElo "2438"]
[BlackElo "2433"]
[TimeControl "180+2"]
[EndTime "12:06:33 PDT"]
[Termination "9ShMat2 won by resignation"]

1. e4 c5 2. Nf3 e6 3. d4 cxd4 4. Nxd4 Bc5 5. Be3 Qb6 6. Nc3 Nc6 7. Na4 Qa5+ 8. c3 Bxd4 9. Bxd4 Nxd4 10. Qxd4 e5 11.
Qd1 Nf6 12. f3 O-O 13. b4 Qc7 14. c4 d6 15. Be2 Bd7 16. O-O Rac8 17. Rc1 Rfd8 18.
Kh1 h6 19. c5 d5 20. exd5 Nxd5 21. Qxd5 Bxa4 22. Qc4 a6 23. Qc3 Rd4 24. Bd1 Qc6 25.
a3 Rcd8 26. Bxa4 Qxa4 27. Rfe1 e4 28. fxe4 Rd3 29. Qe5 Qxa3 30. Rb1 Qa2 31. h3 Rd2 32. Qg3 R8d3 33. Qg4 h5 34. Qc8+ Rd8 35. Qc7 Qe6 36.
Qxb7 Rxg2 37. Kxg2 Rd2+ 38. Re2 Rxe2+ 39. Kf3 Rc2 40. Qb8+ Kh7 41. Qd6 Qxh3+ 42. Kf4 Qh2+ 43. Kf5 Rf2+ 0-1

[Event "*** Titled Tuesday 3|2 Blitz"]
[Site "Chess.com"]
[Date "2015.05.05"]
[Round "5"]
[White "AndrewMcStone"]
[Black "bugsbunny444"]
[Result "0-1"]
[WhiteElo "1994"]
[BlackElo "2300"]
[TimeControl "180+2"]
[EndTime "12:06:33 PDT"]
[Termination "bugsbunny444 won by resignation"]

1. d4 e6 2. c4 b6 3. Nc3 Bb7 4. d5 Bb4 5. g3 Nf6 6. Bg2 O-O 7. Nh3 Na6 8. O-O Bxc3 9. bxc3 Nc5 10. Ba3 Rb8 11.
e4 Nfxe4 12. Bxe4 Nxe4 13. Bxf8 Qxf8 14. Qd4 f5 15. Nf4 Qe7 16. Nd3 d6 17. dxe6 Qxe6 18. Nf4 Qh6 19. f3 Ng5 20. Nd5 Re8 21. Qh4 Qxh4 22.
gxh4 Ne6 23. Rae1 Kf7 24. Re2 Ba6 25. Rfe1 Bxc4 26. Nxc7 Nxc7 27. Rxe8 Nxe8 28. Rd1 a5 29. Kf2 Bxa2 30. Ke3 Bc4 31. Kf4 g6 32. h5 Kf6 33.
h6 g5+ 34. Ke3 a4 35. Rb1 b5 36. Kd4 a3 37. Ra1 a2 0-1

[Event "*** Titled Tuesday 3|2 Blitz"]
[Site "Chess.com"]
[Date "2015.05.05"]
[Round "5"]
[White "AungTZ"]
[Black "kesarev"]
[Result "1-0"]
[WhiteElo "2145"]
[BlackElo "2168"]
[TimeControl "180+2"]
[EndTime "12:06:33 PDT"]
[Termination "AungTZ won by resignation"]

1. e4 g6 2. d4 Bg7 3. Nc3 c5 4. d5 d6 5. Be2 Nf6 6. h4 h5 7. Nf3 O-O 8. Ng5 Re8 9. f3 e6 10. dxe6 fxe6 11. e5 dxe5 12. Be3 Qb6 13. Na4 Qa5+ 14.
c3 Nd5 15. Bf2 Nf4 16. Nxc5 Nxg2+ 17. Kf1 Nf4 18. Bc4 b6 19. b4 Qa3 20. Qb3 Qxb3 21. Nxb3 Ba6 22. Bxa6 Nxa6 23. Be3 Rac8 24. Ne4 Red8 25.
Rg1 Kf7 26. Re1 Bf6 27. Nxf6 Kxf6 28. Bxf4 exf4 29. Nd4 e5 30. Ne2 Rd2 31. Rg5 Nb8 32. a4 Nd7 33. a5 bxa5 34. bxa5 Rc5 35. a6 Rc6 36. Ra1 Rb6 37. c4 Rbb2 38. Nc3 Rf2+ 39.
Kg1 Rxf3 40. Ne4+ Ke7 41. Rxg6 Re3 42. Nf2 Rg3+ 43. Rxg3 fxg3 44. Ne4 Rc2 45. Nxg3 Rxc4 46. Nxh5 Rxh4 47. Ng3 Nc5 48. Nf5+ 1-0

[Event "*** Titled Tuesday 3|2 Blitz"]
[Site "Chess.com"]
[Date "2015.05.05"]
[Round "5"]
[White "esr44"]
[Black "Palacios-LLera"]
[Result "1-0"]
[WhiteElo "2045"]
[BlackElo "2096"]
[TimeControl "180+2"]
[EndTime "12:06:44 PDT"]
[Termination "esr44 won on time"]

1. d4 d5 2. Bg5 h6 3. Bh4 c5 4.
dxc5 Nc6 5. Nc3 d4 6. Ne4 g5 7. Bg3 f5 8. Nd2 f4 9. e3 fxg3 10. Qh5+ Kd7 11. hxg3 Nf6 12. Qg6 dxe3 13. O-O-O Qe8 14.
Qd3+ Kc7 15. Qxe3 Bg7 16. Bb5 Bf5 17. Nb3 Rd8 18. Bxc6 Rxd1+ 19. Kxd1 bxc6 20. Qe5+ Kb7 21. Qxf5 Qd8+ 22. Kc1 Rf8 23. Nf3 Nd5 24. Qe4 Qc7 25. Rd1 Rd8 26. Nfd4 Nf6 27. Qf3 Rd5 28. Ne6 Rxd1+ 29.
Qxd1 Qe5 30. Nxg7 Nd5 31. Nh5 Kc7 32. g4 Nb4 33. a3 Nd5 34. Ng3 Qf4+ 35. Qd2 Qxg4 36. Nd4 h5 37. Qe2 Qf4+ 38. Qd2 Qf6 39. Nxh5 Qe5 40. c3 1-0

[Event "*** Titled Tuesday 3|2 Blitz"]
[Site "Chess.com"]
[Date "2015.05.05"]
[Round "5"]
[White "MITerryble"]
[Black "Daniel_Fridman"]
[Result "1-0"]
[WhiteElo "2526"]
[BlackElo "2612"]
[TimeControl "180+2"]
[EndTime "12:07:09 PDT"]
[Termination "MITerryble won by resignation"]

1. d4 Nf6 2. Nf3 e6 3. c4 d5 4. Nc3 c6 5. Bg5 dxc4 6. e4 b5 7. e5 h6 8. Bh4 g5 9. exf6 gxh4 10. Ne5 Qxf6 11. g3 c5 12. Bg2 cxd4 13. Qxd4 Bg7 14.
O-O-O O-O 15. Bxa8 Qxe5 16. Qxe5 Bxe5 17. Nxb5 Bd7 18. Nc3 Bc6 19. Bxc6 Nxc6 20. Rhe1 hxg3 21. hxg3 Bd4 22. Re2 Kg7 23. Nb5 Bf6 24. Nd6 Ne5 25. Rc2 Rb8 26. Nxc4 Nxc4 27. Rxc4 Rxb2 28. Rc2 Rb7 29.
Rd3 Kg6 30. Rb3 Rd7 31. Rc4 Bd4 32. f3 Kf5 33. Kc2 h5 34. a4 e5 35. a5 f6 36.
Rc6 Rg7 37. f4 exf4 38. gxf4 h4 39. Rc8 Rg2+ 40. Kd1 Ra2 41. Rh8 Bf2 42. Rb4 Bg3 43. Rh7 a6 44. Rb6 Rxa5 45. Rh5+ Kg4 46. Rxa5 h3 47. Ke2 h2 48. Rb1 Bxf4 49. Kf2 Be5 50. Kg2 1-0

[Event "*** Titled Tuesday 3|2 Blitz"]
[Site "Chess.com"]
[Date "2015.05.05"]
[Round "5"]
[White "Schemato"]
[Black "jup1978"]
[Result "0-1"]
[WhiteElo "2107"]
[BlackElo "2152"]
[TimeControl "180+2"]
[EndTime "12:07:15 PDT"]
[Termination "jup1978 won by resignation"]

1. c4 e5 2. g3 Nf6 3. Bg2 c6 4. d4 Bb4+ 5. Bd2 Bxd2+ 6. Qxd2 d6 7. Nc3 O-O 8. e4 Be6 9. b3 Qc8 10. Nge2 Bh3 11. O-O Bxg2 12. Kxg2 Re8 13. f3 Nbd7 14. Rfd1 Nf8 15. Rac1 Ng6 16. b4 h6 17. c5 dxc5 18. bxc5 exd4 19. Nxd4 Nh7 20. Nf5 Qe6 21. Ne2 Ng5 22.
h4 Nxe4 23. Nxh6+ gxh6 24. fxe4 Qxe4+ 25. Kf2 Ne5 26. Rc3 Ng4+ 27. Kf1 Rad8 28. Rd3 Nh2+ 29. Kf2 Ng4+ 30. Kf1 Rxd3 31. Qxd3 Ne3+ 32. Kf2 Nxd1+ 33.
Qxd1 Qxe2+ 34. Qxe2 Rxe2+ 35. Kxe2 Kg7 36. g4 Kf6 37. Ke3 b6 38. Kd4 b5 39. Kc3 a5 40. Kd4 Ke6 41. a3 Kf6 42. Ke4 h5 43. gxh5 Kg7 44. Ke5 Kh6 45. Kd6 b4 46. axb4 axb4 47.
Kxc6 b3 48. Kd7 b2 49. c6 b1=Q 50. c7 Qd3+ 51. Ke7 Qc4 52. Kd7 Qd5+ 53. Ke7 Qc6 54. Kd8 Kxh5 55. c8=Q Qxc8+ 56. Kxc8 f5 0-1

[Event "*** Titled Tuesday 3|2 Blitz"]
[Site "Chess.com"]
[Date "2015.05.05"]
[Round "5"]
[White "AnthonyWirig"]
[Black "iaraldinho"]
[Result "1-0"]
[WhiteElo "2499"]
[BlackElo "2299"]
[TimeControl "180+2"]
[EndTime "12:07:27 PDT"]
[Termination "AnthonyWirig won by resignation"]

1. d4 f5 2. Nf3 Nf6 3. g3 g6 4. Bg2 Bg7 5. O-O O-O 6. Nbd2 d6 7.
Re1 Nc6 8. e4 fxe4 9. Nxe4 Nxe4 10. Rxe4 Bf5 11. Re1 e5 12. c3 Kh8 13. dxe5 Nxe5 14.
Nxe5 dxe5 15. Qxd8 Raxd8 16. Bxb7 e4 17. Ba6 Rb8 18. Re2 Rb6 19. Bc4 Rfb8 20. Bb3 c5 21. Bf4 Rc8 22. Bc4 h6 23. Rd2 g5 24. Be3 Rcb8 25.
Bb3 Rc6 26. Rd5 Be6 27. Rxc5 Rxc5 28. Bxc5 Bxb3 29. axb3 Rxb3 30. Ba3 a5 31. Re1 a4 32.
Rxe4 Bxc3 33. Rxa4 Bxb2 34. Ra8+ Kh7 35. Ra7+ Kg6 36.
Ra6+ Kg7 37. Bc5 Bf6 38. Kg2 Rb5 39. Be3 Rb7 40. Kf3 Rb4 41. Kg2 Rb7 42. Rc6 Rb4 43.
Ra6 Rb7 44. g4 Rb4 45. h3 Rb7 46. Kf3 Rb4 47. Rc6 Bd4 48. Rc7+ Kg6 49. Rc6+ Kg7 50. Rd6 Be5 51. Ra6 Bd4 52. Rd6 Be5 53. Rd5 Bf6 54. Rd7+ Kg6 55. Rd6 Kg7 56. h4 gxh4 57.
Bxh6+ Kxh6 58. Rxf6+ Kg5 59. Rf5+ Kg6 60. Rh5 Rb3+ 61.
Kg2 Rb2 62. Rxh4 1-0

[Event "*** Titled Tuesday 3|2 Blitz"]
[Site "Chess.com"]
[Date "2015.05.05"]
[Round "5"]
[White "megarompa"]
[Black "Enozen"]
[Result "1-0"]
[WhiteElo "2669"]
[BlackElo "2480"]
[TimeControl "180+2"]
[EndTime "12:07:36 PDT"]
[Termination "megarompa won by resignation"]

1. d4 Nf6 2. Bg5 e6 3. Nf3 c5 4.
e3 b6 5. Nc3 Bb7 6. d5 exd5 7.
Bxf6 Qxf6 8. Nxd5 Qd8 9. Bc4 Be7 10. Qd2 O-O 11. O-O-O a6 12. Nxe7+ Qxe7 13. Qd6 Qxd6 14.
Rxd6 b5 15. Bd5 Ra7 16. Rd1 Re8 17. h4 h6 18. a4 Bc6 19. a5 Rc7 20. h5 Kf8 21.
Bxc6 Rxc6 22. c3 Ke7 23. R6d5 Kf6 24. g4 Re4 25. Rf5+ Ke7 26. g5 Ke6 27. Rfd5 f6 28. gxh6 gxh6 29. Ng1 d6 30. Ne2 Nd7 31. Nf4+ Ke7 32.
b3 c4 33. b4 Ne5 34. Kd2 Kd7 35. Ke2 Nd3 36. Nxd3 cxd3+ 37. R1xd3 Rh4 38. R5d4 Rxh5 39. Rg4 Rg5 40. Rh4 Rg6 41. Rh5 Ke6 42. e4 Rc4 43. Re3 Rg1 44. Rxh6 Rc1 45. Kd2 Rf1 46. Rf3 Rxe4 47.
Rfxf6+ Ke7 48. Rxd6 Rxf2+ 49. Kd3 Ree2 50. Rxa6 Rd2+ 51. Ke4 Rfe2+ 52. Kf5 Rf2+ 53. Kg6 Rg2+ 54. Kh7 Rd7 55. Rag6 Kf8+ 56. Kh8 Rxg6 57. Rxg6 Rd3 58. Kh7 Rh3+ 59. Rh6 Rxc3 60. Rb6 Kf7 61. Kh6 Ke7 62.
Rxb5 Kd6 63. Kg5 Rf3 64. Kg4 Rf1 65. a6 Rg1+ 66. Kf5 Ra1 67. Rb6+ Kc7 68. Rb7+ Kc8 69.
b5 1-0

[Event "*** Titled Tuesday 3|2 Blitz"]
[Site "Chess.com"]
[Date "2015.05.05"]
[Round "5"]
[White "NguyenDucHoa"]
[Black "pKiLz5Rn9b"]
[Result "1-0"]
[WhiteElo "2389"]
[BlackElo "2257"]
[TimeControl "180+2"]
[EndTime "12:08:06 PDT"]
[Termination "NguyenDucHoa won by resignation"]

1. d4 e6 2. c4 Nf6 3. Nf3 b6 4.
g3 Bb7 5. Bg2 Be7 6. O-O O-O 7.
Re1 d5 8. Ne5 Na6 9. Qa4 c5 10.
cxd5 exd5 11. Nc3 Re8 12. Bf4 cxd4 13. Qxd4 Bc5 14. Qa4 g5 15. Nxf7 Kxf7 16. Bxg5 Qd7 17. Qh4 Qf5 18. Bxf6 Qxf6 19. Qxh7+ Qg7 20. Qh5+ Qg6 21.
Qxg6+ Kxg6 22. Nxd5 Bxd5 23. Bxd5 Rad8 24. Bc4 Nb4 25.
Red1 Rd4 26. Rxd4 Bxd4 27. Rb1 Rc8 28. Bb3 a5 29. a3 Na6 30. e3 Bf6 31. Kg2 Rd8 32.
Bc2+ Kg7 33. b4 axb4 34. axb4 Rd2 35. Be4 Bb2 36. b5 Nc5 37. Bf5 Kf6 38. g4 Na4 39.
Rh1 Nc3 40. h4 Nxb5 41. Kg3 Nd6 42. Bb1 b5 43. g5+ Kg7 44. h5 Kg8 45. h6 b4 46.
Rh4 Bc3 47. g6 b3 48. Ra4 Nc8 49. Rc4 Be5+ 50. f4 Nd6 51. Rb4 Ne8 52. fxe5 b2 53. Rb8 Kf8 54. g7+ Kf7 55. Ba2+ Ke7 56. g8=Q 1-0

[Event "*** Titled Tuesday 3|2 Blitz"]
[Site "Chess.com"]
[Date "2015.05.05"]
[Round "5"]
[White "Zvonokchess"]
[Black "Tomsel"]
[Result "1-0"]
[WhiteElo "2493"]
[BlackElo "2344"]
[TimeControl "180+2"]
[EndTime "12:08:07 PDT"]
[Termination "Zvonokchess won by checkmate"]

1. e4 c5 2. d4 cxd4 3. c3 d5 4. exd5 Qxd5 5. cxd4 Nc6 6. Nf3 Bg4 7.
Nc3 Bxf3 8. gxf3 Qxd4 9. Qxd4 Nxd4 10. Nb5 Nc2+ 11. Kd1 Nxa1 12. Nc7+ Kd8 13. Nxa8 e5 14. Be3 b6 15. Nxb6 axb6 16. Bxb6+ Kd7 17. Bb5+ Ke6 18.
Kd2 Bb4+ 19. Kd3 Nf6 20. Rxa1 Rb8 21. Bc4+ Ke7 22. Be3 Bd6 23. b3 Nd7 24. Ke2 f5 25. Rd1 f4 26. Bc1 Nb6 27. Bb5 Rc8 28. Bb2 Rc5 29.
Bd3 Nd5 30. Bxh7 Nc3+ 31. Bxc3 Rxc3 32. Be4 Bc5 33. Rg1 Kf7 34. Bd5+ Kf6 35. Be4 Bd4 36. Rb1 Rc8 37. a4 Rh8 38. Rh1 Rb8 39. Bd5 Rc8 40. Bc4 Ra8 41. Kf1 Kf5 42. Kg2 Bc3 43. Rd1 Rb8 44. Rd6 Bb4 45. Bd3+ Kg5 46. Rg6+ Kh5 47.
Rxg7 Bc3 48. Rh7+ Kg5 49. Bc4 Rd8 50. h4+ Kg6 51. Re7 Rd2 52. Re6+ Kh5 53. Kh3 Rxf2 54.
Bd5 Rd2 55. Rd6 Bd4 56. Bf7# 1-0